SA
CONNETQUOT CHIEFS @ PHOENIX HOTSPUR U-21
08/24/2023
 
TOP OF THE 1ST
Connetquot Chiefs batting - Pitching for Phoenix Hotspur U-21 : LHP Lorenzo Morán
Pitching: LHP Lorenzo Morán
Batting: RHB Juan Salinas 0-0: Swinging Strike
0-1: Called Strike
0-2: SINGLE (Groundball, 6MD)
Batting: RHB Fred Burt 0-0: Ball
1-0: Ball
2-0: Called Strike
2-1: Foul Ball, location: 2F
2-2: Fly out, F8 (Line Drive, 8RS)
2-2: Fly out, F8 (Line Drive, 8RS)
Batting: RHB John Burton 0-0: Ball
1-0: SINGLE (Groundball, 4MD)
Juan Salinas to second
Runner from 2nd tries for 3rd, SAFE, throw made to third
John Burton to second
Batting: LHB Félix Fernández 0-0: Foul Ball, location: 2F
0-1: Foul Ball, location: 2F
0-2: Foul Ball, location: 2F
0-2: Foul Ball, location: 2F
0-2: Ball
1-2: Foul Ball, location: 2F
1-2: Ball
2-2: Strikes out swinging
Batting: RHB José Magana 0-0: Fly out, F3 (Popup, 3S)
Top of the 1st over - 0 run(s), 2 hit(s), 0 error(s), 2 left on base; Connetquot 0 - Phoenix 0
BOTTOM OF THE 1ST
Phoenix Hotspur U-21 batting - Pitching for Connetquot Chiefs : RHP Armando Ortíz
Pitching: RHP Armando Ortíz
Batting: LHB Sergio Rodríguez 0-0: Ball
1-0: Called Strike
1-1: Ball
2-1: Ground out 4-3 (Groundball, 4)
Batting: LHB Luis Díaz 0-0: Swinging Strike
0-1: Ball
1-1: Foul Ball, location: 2F
1-2: Foul Ball, location: 2F
1-2: Ground out 6-3 (Groundball, 6)
Batting: RHB Marc Meertens 0-0: Called Strike
0-1: Foul Ball, location: 2F
0-2: Foul Ball, location: 2F
0-2: Ball
1-2: Foul Ball, location: 2F
1-2: Strikes out swinging
Bottom of the 1st over - 0 run(s), 0 hit(s), 0 error(s), 0 left on base; Connetquot 0 - Phoenix 0
TOP OF THE 2ND
Connetquot Chiefs batting - Pitching for Phoenix Hotspur U-21 : LHP Lorenzo Morán
Batting: LHB SaQwan Hackett 0-0: Called Strike
0-1: Ball
1-1: Ball
2-1: Ball
3-1: Base on Balls
Batting: RHB Emanuel Bree 0-0: Ball
1-0: Ball
2-0: Ball
3-0: Base on Balls
SaQwan Hackett to second
Batting: SHB Britt Ducker 0-0: Foul Ball, location: 2F
0-1: Ball
1-1: Called Strike
1-2: Ball
2-2: Ball
3-2: Strikes out swinging
Batting: RHB David Pérez 0-0: Called Strike
0-1: TRIPLE (Flyball, 7M)
SaQwan Hackett scores
Emanuel Bree scores
Batting: RHB Juan Salinas 0-0: Ball
1-0: Foul Ball, location: 2F
1-1: Called Strike
1-2: Ball
2-2: Ball
3-2: Fly out, F9 (Flyball, 89S)
Batting: RHB Fred Burt 0-0: Foul Ball, location: 2F
0-1: Foul Ball, location: 2F
0-2: Strikes out swinging
Top of the 2nd over - 2 run(s), 1 hit(s), 0 error(s), 1 left on base; Connetquot 2 - Phoenix 0
BOTTOM OF THE 2ND
Phoenix Hotspur U-21 batting - Pitching for Connetquot Chiefs : RHP Armando Ortíz
Batting: LHB Rafael Sánchez 0-0: Ball
1-0: Ball
2-0: SINGLE (Line Drive, 89S)
Batting: RHB José Sánchez 0-0: Ball
1-0: Ball
2-0: Ball
3-0: Base on Balls
Rafael Sánchez to second
Batting: RHB Carl Tucker 0-0: Ball
1-0: Ball
2-0: Ball
3-0: Called Strike
3-1: Fly out, F9 (Flyball, 89S)
Batting: RHB Eric Conway 0-0: Called Strike
0-1: Ball
1-1: Grounds into double play, 5-4-3 (Groundball, 5)
Bottom of the 2nd over - 0 run(s), 1 hit(s), 0 error(s), 1 left on base; Connetquot 2 - Phoenix 0
TOP OF THE 3RD
Connetquot Chiefs batting - Pitching for Phoenix Hotspur U-21 : LHP Lorenzo Morán
Batting: RHB John Burton 0-0: Called Strike
0-1: Ball
1-1: SINGLE (Line Drive, 78S)
Batting: LHB Félix Fernández 0-0: Called Strike
0-1: Ball
1-1: Fly out, F8 (Popup, 4MD)
Batting: RHB José Magana 0-0: Ball
Throwing error on steal attempt, E2
John Burton to third
1-0: Ground out 5-3 (Groundball, 56)
John Burton scores
Batting: LHB SaQwan Hackett 0-0: Ball
1-0: Ground out 6-3 (Groundball, 6)
Top of the 3rd over - 1 run(s), 1 hit(s), 1 error(s), 0 left on base; Connetquot 3 - Phoenix 0
BOTTOM OF THE 3RD
Phoenix Hotspur U-21 batting - Pitching for Connetquot Chiefs : RHP Armando Ortíz
Batting: RHB Juan Rivera 0-0: Called Strike
0-1: Ball
1-1: Called Strike
1-2: Strikes out swinging
Batting: RHB Rubén Andrada 0-0: Ball
1-0: DOUBLE (Groundball, 5L)
Batting: LHB Sergio Rodríguez 0-0: Called Strike
0-1: Ball
1-1: SINGLE (Line Drive, 8RS)
Rubén Andrada to third
Runner from 3rd tries for Home, SAFE, no throw or cutoff
Batting: LHB Luis Díaz 0-0: Called Strike
0-1: SINGLE (Flyball, 7S)
Sergio Rodríguez to second
Batting: RHB Marc Meertens 0-0: Ball
1-0: Ball
2-0: Ball
3-0: Called Strike
3-1: Fly out, F1 (Popup, 34S)
Batting: LHB Rafael Sánchez 0-0: Called Strike
0-1: Called Strike
0-2: Ball
1-2: Fly out, F6 (Popup, 7S)
Bottom of the 3rd over - 1 run(s), 3 hit(s), 0 error(s), 2 left on base; Connetquot 3 - Phoenix 1
TOP OF THE 4TH
Connetquot Chiefs batting - Pitching for Phoenix Hotspur U-21 : LHP Lorenzo Morán
Batting: RHB Emanuel Bree 0-0: Swinging Strike
0-1: Called Strike
0-2: Ball
1-2: Strikes out swinging
Batting: SHB Britt Ducker 0-0: Hit by Pitch
Batting: RHB David Pérez 0-0: Called Strike
0-1: Ball
1-1: Ball
2-1: SINGLE (Groundball, 34D)
Britt Ducker to second
Runner from 2nd tries for 3rd, SAFE, throw made to third
Batting: RHB Juan Salinas 0-0: Called Strike
David Pérez steals 2nd base
0-1: Ball
1-1: Foul Ball, location: 2F
1-2: Ball
2-2: Ground out 4-3 (Groundball, 4)
Britt Ducker scores
David Pérez to third
Batting: RHB Fred Burt 0-0: Ball
1-0: Swinging Strike
1-1: Ball
2-1: Ball
3-1: Called Strike
3-2: DOUBLE (Line Drive, 78M)
David Pérez scores
Batting: RHB John Burton 0-0: Ball
1-0: TRIPLE (Line Drive, 9LM)
Fred Burt scores
Batting: LHB Félix Fernández 0-0: Called Strike
0-1: Ball
1-1: Foul Ball, location: 2F
1-2: Foul Ball, location: 2F
1-2: Strikes out swinging
Top of the 4th over - 3 run(s), 3 hit(s), 0 error(s), 1 left on base; Connetquot 6 - Phoenix 1
BOTTOM OF THE 4TH
Phoenix Hotspur U-21 batting - Pitching for Connetquot Chiefs : RHP Armando Ortíz
Batting: RHB José Sánchez 0-0: Foul Ball, location: 2F
0-1: Ball
1-1: Foul Ball, location: 2F
1-2: Strikes out swinging
Batting: RHB Carl Tucker 0-0: Ball
1-0: Called Strike
1-1: Ball
2-1: Ball
3-1: Foul Ball, location: 2F
3-2: Ground out 4-3 (Groundball, 4)
Batting: RHB Eric Conway 0-0: Fly out, F9 (Flyball, 89M)
Bottom of the 4th over - 0 run(s), 0 hit(s), 0 error(s), 0 left on base; Connetquot 6 - Phoenix 1
TOP OF THE 5TH
Connetquot Chiefs batting - Pitching for Phoenix Hotspur U-21 : LHP Lorenzo Morán
Batting: RHB José Magana 0-0: Ball
1-0: Called Strike
1-1: Ball
2-1: Ball
3-1: Base on Balls
Batting: LHB SaQwan Hackett 0-0: Called Strike
0-1: Bunted foul
0-2: Ball
1-2: Foul Ball, location: 2F
1-2: SINGLE (Line Drive, 6D)
José Magana to second
Batting: RHB Emanuel Bree 0-0: Ball
1-0: Called Strike
1-1: Ball
2-1: Foul Ball, location: 2F
2-2: Foul Ball, location: 2F
2-2: Ball
3-2: Base on Balls
José Magana to third
SaQwan Hackett to second
Batting: SHB Britt Ducker 0-0: Called Strike
0-1: Swinging Strike
0-2: Grounds into double play, 5-4-3 (Groundball, 56)
José Magana scores
SaQwan Hackett to third
Pitching: LHP Gary Cooper
Batting: RHB David Pérez 0-0: Swinging Strike
0-1: Foul Ball, location: 2F
0-2: Ball
1-2: Strikes out swinging
Top of the 5th over - 1 run(s), 1 hit(s), 0 error(s), 1 left on base; Connetquot 7 - Phoenix 1
BOTTOM OF THE 5TH
Phoenix Hotspur U-21 batting - Pitching for Connetquot Chiefs : RHP Armando Ortíz
Batting: RHB Juan Rivera 0-0: Called Strike
0-1: Reached on error, E5 (Groundball, 5S)
Batting: RHB Rubén Andrada 0-0: Called Strike
0-1: Fly out, F9 (Flyball, 9M)
Batting: LHB Sergio Rodríguez 0-0: Ball
1-0: Fly out, F8 (Flyball, 8RM)
Batting: LHB Luis Díaz 0-0: Ball
1-0: Foul Ball, location: 2F
1-1: SINGLE (Line Drive, 6MD)
Juan Rivera to second
Batting: RHB Marc Meertens 0-0: Ball
1-0: Called Strike
1-1: Ball
2-1: Foul Ball, location: 2F
2-2: Ball
3-2: Foul Ball, location: 2F
3-2: Base on Balls
Juan Rivera to third
Luis Díaz to second
Batting: LHB Rafael Sánchez 0-0: Ball
1-0: Foul Ball, location: 2F
1-1: Foul Ball, location: 2F
1-2: Ball
2-2: GRAND SLAM HOME RUN (Flyball, 8RXD), Distance : 453 ft
Batting: RHB José Sánchez 0-0: Ball
1-0: Swinging Strike
1-1: Called Strike
1-2: Ball
2-2: Foul Ball, location: 2F
2-2: Ball
3-2: Strikes out swinging
Bottom of the 5th over - 4 run(s), 2 hit(s), 1 error(s), 0 left on base; Connetquot 7 - Phoenix 5
TOP OF THE 6TH
Connetquot Chiefs batting - Pitching for Phoenix Hotspur U-21 : LHP Gary Cooper
Batting: RHB Juan Salinas 0-0: Ball
1-0: Ball
2-0: Foul Ball, location: 2F
2-1: Foul Ball, location: 2F
2-2: Strikes out looking
Batting: RHB Fred Burt 0-0: Ball
1-0: Ball
2-0: Ball
3-0: Called Strike
3-1: Foul Ball, location: 2F
3-2: Strikes out looking
Batting: RHB John Burton 0-0: Called Strike
0-1: Ground out 4-3 (Groundball, 4M)
Top of the 6th over - 0 run(s), 0 hit(s), 0 error(s), 0 left on base; Connetquot 7 - Phoenix 5
BOTTOM OF THE 6TH
Phoenix Hotspur U-21 batting - Pitching for Connetquot Chiefs : RHP Armando Ortíz
Batting: RHB Carl Tucker 0-0: Called Strike
0-1: Foul Ball, location: 2F
0-2: Ball
1-2: Ball
2-2: Ground out 4-3 (Groundball, 4M)
Batting: RHB Eric Conway 0-0: Called Strike
0-1: Foul Ball, location: 2F
0-2: Foul Ball, location: 2F
0-2: Ball
1-2: Foul Ball, location: 2F
1-2: Ball
2-2: Strikes out looking
Batting: RHB Juan Rivera 0-0: Called Strike
0-1: Swinging Strike
0-2: Ball
1-2: Foul Ball, location: 2F
1-2: Ball
2-2: Ball
3-2: Ground out 6-3 (Groundball, 6M)
Bottom of the 6th over - 0 run(s), 0 hit(s), 0 error(s), 0 left on base; Connetquot 7 - Phoenix 5
TOP OF THE 7TH
Connetquot Chiefs batting - Pitching for Phoenix Hotspur U-21 : LHP Gary Cooper
Batting: LHB Félix Fernández 0-0: Called Strike
0-1: Ground out 1-3 (Groundball, 15)
Batting: RHB José Magana 0-0: Ball
1-0: Fly out, F8 (Flyball, 78M)
Batting: LHB SaQwan Hackett 0-0: Called Strike
0-1: Ball
1-1: Reached on Error, E9 (Line Drive, 9M)
Batting: RHB Emanuel Bree 0-0: DOUBLE (Flyball, 89M)
SaQwan Hackett scores
Batting: SHB Britt Ducker 0-0: Called Strike
0-1: Ball
1-1: Ball
2-1: Ball
3-1: Base on Balls
Batting: RHB David Pérez 0-0: Ball
1-0: Called Strike
1-1: Ball
2-1: Fly out, F9 (Flyball, 89M)
Top of the 7th over - 1 run(s), 1 hit(s), 1 error(s), 2 left on base; Connetquot 8 - Phoenix 5
BOTTOM OF THE 7TH
Phoenix Hotspur U-21 batting - Pitching for Connetquot Chiefs : RHP Armando Ortíz
Batting: RHB Rubén Andrada 0-0: Fly out, F5 (Line Drive, 5)
Batting: LHB Sergio Rodríguez 0-0: Ball
1-0: Foul Ball, location: 2F
1-1: Foul Ball, location: 2F
1-2: Ball
2-2: Fly out, F4 (Line Drive, 4)
Batting: LHB Luis Díaz 0-0: Ball
1-0: Foul Ball, location: 2F
1-1: Called Strike
1-2: Ball
2-2: Fly out, F8 (Flyball, 8RM)
Bottom of the 7th over - 0 run(s), 0 hit(s), 0 error(s), 0 left on base; Connetquot 8 - Phoenix 5
TOP OF THE 8TH
Connetquot Chiefs batting - Pitching for Phoenix Hotspur U-21 : LHP Gary Cooper
Batting: RHB Juan Salinas 0-0: Called Strike
0-1: Ball
1-1: Fly out, F7 (Flyball, 78M)
Batting: RHB Fred Burt 0-0: Called Strike
0-1: Ball
1-1: Foul Ball, location: 2F
1-2: Ball
2-2: Foul Ball, location: 2F
2-2: Foul Ball, location: 2F
2-2: Strikes out swinging
Batting: RHB John Burton 0-0: SOLO HOME RUN (Flyball, 7LD), Distance : 367 ft
Batting: LHB Félix Fernández 0-0: Called Strike
0-1: Swinging Strike
0-2: Foul Ball, location: 2F
0-2: Ball
1-2: Strikes out swinging
Top of the 8th over - 1 run(s), 1 hit(s), 0 error(s), 0 left on base; Connetquot 9 - Phoenix 5
BOTTOM OF THE 8TH
Phoenix Hotspur U-21 batting - Pitching for Connetquot Chiefs : RHP Armando Ortíz
Pitching: RHP Jim Unknown
Batting: RHB Marc Meertens 0-0: Called Strike
0-1: Fly out, F3 (Popup, 3F)
Batting: LHB Rafael Sánchez 0-0: SINGLE (Line Drive, 8RS)
Batting: RHB José Sánchez 0-0: Foul Ball, location: 2F
0-1: Ball
1-1: Fly out, F8 (Flyball, 8RM)
Batting: RHB Carl Tucker 0-0: Called Strike
0-1: Ball
1-1: Ball
2-1: Called Strike
2-2: Foul Ball, location: 2F
2-2: Fly out, F9 (Flyball, 9M)
Bottom of the 8th over - 0 run(s), 1 hit(s), 0 error(s), 1 left on base; Connetquot 9 - Phoenix 5
TOP OF THE 9TH
Connetquot Chiefs batting - Pitching for Phoenix Hotspur U-21 : LHP Gary Cooper
Pitching: RHP Sergio Avilés
Batting: RHB José Magana 0-0: Called Strike
0-1: Foul Ball, location: 2F
0-2: Foul Ball, location: 2F
0-2: Ground out 5-3 (Groundball, 5)
Batting: LHB SaQwan Hackett 0-0: Ball
1-0: Ball
2-0: Called Strike
2-1: Ground out 1-3 (Groundball, 13)
Batting: RHB Emanuel Bree 0-0: Swinging Strike
0-1: Ball
1-1: Swinging Strike
1-2: Strikes out swinging
Top of the 9th over - 0 run(s), 0 hit(s), 0 error(s), 0 left on base; Connetquot 9 - Phoenix 5
BOTTOM OF THE 9TH
Phoenix Hotspur U-21 batting - Pitching for Connetquot Chiefs : RHP Jim Unknown
Batting: RHB Eric Conway 0-0: Swinging Strike
0-1: Called Strike
0-2: Ball
1-2: Strikes out looking
Batting: RHB Juan Rivera 0-0: Called Strike
0-1: Ball
1-1: Called Strike
1-2: Foul Ball, location: 2F
1-2: Strikes out swinging
Batting: RHB Rubén Andrada 0-0: Foul Ball, location: 2F
0-1: Ball
1-1: Called Strike
1-2: Foul Ball, location: 2F
1-2: Ball
2-2: Strikes out swinging
Bottom of the 9th over - 0 run(s), 0 hit(s), 0 error(s), 0 left on base; Connetquot 9 - Phoenix 5
This league is powered by Out of the Park Baseball, the baseball management simulation game for PC, Mac and Linux
Friday, July 8th, 2016 - OOTP Baseball 16.9 Build 39